 Dungeon Crawl Stone Soup version 0.31.0-1-g2c135a0 (webtiles) character file.

Game seed: 604025373913536933

56 amalgent the Changeling (level 3, -1/26 HPs)
             Began as a Merfolk Shapeshifter on Jan 30, 2024.
             Slain by a cerulean imp
             ... wielding a +2 spear
             ... summoned by Natasha
              (3 damage)
             ... on level 2 of the Dungeon.
             The game lasted 00:14:11 (1148 turns).

amalgent the Changeling (Merfolk Shapeshifter)      Turns: 1148, Time: 00:14:11

Health: -1/26      AC:  6    Str: 16    XL:     3   Next: 97%
Magic:  3/3        EV: 10    Int:  9    God:
Gold:   23         SH:  0    Dex: 13    Spells: 2/2 levels left

rFire   . . .        g - +3 dagger (speed)
rCold   . . .        (no shield)
rNeg    . . .        m - +0 scale mail
rPois   .            (helmet currently unavailable)
rElec   .            (cloak currently unavailable)
rCorr   .            (gloves currently unavailable)
SInv    .            (boots currently unavailable)
Will    .....        (no amulet) Stlth
                     (no ring)
HPRegen 0.24/turn    (no ring)
MPRegen 0.08/turn

%: no passive effects
@: beast-form, slowed, very slow
A: beast (slay +2), (nimble swimmer 2), mertail
a: Begin Untransformation


You were on level 2 of the Dungeon.
You were a hulking beast.
You visited 1 branch of the dungeon, and saw 2 of its levels.

You collected 43 gold pieces.
You spent 20 gold pieces at shops.

Inventory:

Hand Weapons
 g - a +3 dagger of speed (weapon)
Armour
 a - a +0 animal skin
 j - a +0 leather armour
 k - a +0 pair of gloves
 m - a +0 scale mail (worn)
 p - a +1 cloak
Magical Staves
 f - a staff of fire
Talismans
 c - a beast talisman
 d - a flux talisman
Scrolls
 e - 2 scrolls of enchant armour
 i - a scroll of noise {unknown}
 o - a scroll of fog {unknown}
 q - 2 scrolls of amnesia
Potions
 b - a potion of lignification
 n - a potion of brilliance


   Skills:
 + Level 1.1 Fighting
 + Level 1.9 Short Blades
 + Level 0.4 Throwing
 + Level 0.2 Armour
 + Level 3.0 Dodging
 + Level 0.4 Stealth
 + Level 3.7 Unarmed Combat
 + Level 4.6 Shapeshifting


You had 2 spell levels left.
You didn't know any spells.
Your spell library was empty.

Dungeon Overview and Level Annotations

Branches:
Dungeon (2/15)

Altars:

Shops:
D:2 ?

Annotations:
D:2 Natasha, Robin


Innate Abilities, Weirdness & Mutations

You are a hulking beast.
Your limbs bulge with bestial killing power. (Slay +2)
((You are very nimble when in or above water. (Stealth+, EV+, Speed+++)))
Your lower body shifts to a powerful aquatic tail in water.


Message History

The cerulean imp completely misses you.
You closely miss Natasha.
Natasha is moderately wounded.
Natasha claws you but does no damage.
The cerulean imp hits you from afar with a +2 spear.
You hit Natasha.
Natasha is moderately wounded.
Natasha casts a spell at you. The magic dart hits you.
The cerulean imp barely misses you.
The cerulean imp hits you but does no damage.
You closely miss Natasha.
Natasha is moderately wounded.
Natasha casts a spell.
The cerulean imp hits you from afar with a +2 spear.
The cerulean imp hits you but does no damage.
You barely miss Natasha. You punch Natasha, but do no damage.
Natasha is moderately wounded.
Natasha completely misses you.
The cerulean imp hits you but does no damage.
You hit Natasha but do no damage.
Natasha is moderately wounded.
The cerulean imp hits you but does no damage. x2
Natasha stares at you and mumbles some strange words.
The magic dart hits you.
* * * LOW HITPOINT WARNING * * *
You hit Natasha.
Natasha is heavily wounded.
The cerulean imp hits you from afar with a +2 spear.
* * * LOW HITPOINT WARNING * * *
The cerulean imp hits you from afar with a +0 spear.
* * * LOW HITPOINT WARNING * * *
The cerulean imp hits you from afar with a +0 spear.
* * * LOW HITPOINT WARNING * * *
Natasha misses you.
The cerulean imp hits you but does no damage.
The cerulean imp barely misses you. Natasha attacks as she pursues you!
Natasha claws you but does no damage. The cerulean imp closely misses you.
The cerulean imp barely misses you.
The cerulean imp hits you from afar with a +2 spear.
You die...

####### #.....# ##########
#.....# #........# #.....#
#........#
#.....############........#
#..........h.5............#
#.....####..h5..............
#..)..# ##...............#.
###.### #.5.....#>........
#...# #.......#......##.
#..♣# ##...........##..#.
#...####..................
#.♣∩♣.............#...#...
#.†.##.##........(.


You could see Natasha and 3 cerulean imps.

Vanquished Creatures
  An adder (D:2)
  A dart slug (D:1)
  3 endoplasms (D:1)
  13 goblins
  4 hobgoblins
  5 kobolds
  A quokka (D:1)
  7 bats
  5 rats
40 creatures vanquished.

Notes
Turn   | Place    | Note
-------+----------+-------------------------------------------
     0 | D:1      | amalgent the Merfolk Shapeshifter began the quest for the
                  | Orb.
     0 | D:1      | Reached XP level 1. HP: 15/15 MP: 1/1
   203 | D:1      | Reached XP level 2. HP: 21/21 MP: 2/2
   626 | D:1      | Reached XP level 3. HP: 26/26 MP: 3/3
   912 | D:2      | Reached skill level 1 in Short Blades
   970 | D:2      | Found Ymeerghu's Magic Scroll Shop.
   990 | D:2      | Bought a scroll of identify for 20 gold pieces
  1022 | D:2      | Noticed Robin
  1129 | D:2      | Noticed Natasha
  1146 | D:2      | HP: 1/26 [cerulean imp/+0 spear[Natasha] (2)]
  1148 | D:2      | Slain by a cerulean imp

Illustrated notes

Levels and vault maps discovered:
D:1:      dpeg_arrival_ternary, layout_loops_corners, dk_noncrumbling_3
D:2:      layout_rooms, serial_shops, nicolae_shop_trees, uniq_natasha,
          uniq_robin

Skill      XL: |  1  2  3 |
---------------+----------+-----
Dodging        | 3 |  3.0
Short Blades   | 1 |  1.9
Fighting       | |  1.1
Throwing       | |  0.4
Armour         | |  0.2
Stealth        | |  0.4
Unarmed Combat | |  3.7
Shapeshifting  | |  4.6

Action                     || total
---------------------------++-------
  Melee: Staff             ||     8
         Dagger            ||    91
         Unarmed           ||     5
         Punch             ||     2
  Throw: Dart              ||    13
    Use: Scroll            ||     4
   Stab: Sleeping          ||     1
 Armour: Animal skin       ||     3
         Leather armour    ||     8
         Scale mail        ||    53
  Dodge: Dodged            ||    68
